 Dungeon Crawl Stone Soup version 0.24-a0-269-g32ec7ca (webtiles) character file.

Game seed: 8588947507878740796

1 Dordric the Grasshopper (level 1, 0/17 HPs)
             Began as a Ghoul Warper on Apr 23, 2019.
             Slain by a goblin (4 damage)
             ... on level 1 of the Dungeon.
             The game lasted 00:00:23 (60 turns).

Dordric the Grasshopper (Ghoul Warper)                Turns: 60, Time: 00:00:24

Health: 0/17       AC:  3    Str: 14    XL:     1   Next: 20%
Magic:  2/2        EV: 11    Int:  8    God:
Gold:   0          SH:  0    Dex:  8    Spells: 3/3 levels left

rFire    . . .     SeeInvis .     - Unarmed
rCold    + . .     Gourm    .   (no shield)
rNeg     + + +     Faith    .   a - +0 leather armour
rPois    ∞         Spirit   .   (no helmet)
rElec    .         Reflect  .   (no cloak)
rCorr    .         Harm     .   (no gloves)
MR       .....                  (no boots)
Stlth    +.........             (no amulet)
HPRegen  0.00/turn              (no ring)
MPRegen  0.08/turn              (no ring)

@: rotting
A: rotting body, claws 1, carnivore, cold resistance 1, negative energy
resistance 3, inhibited regeneration, torment resistance, unbreathing
a: no special abilities


You were on level 1 of the Dungeon.
You were not hungry.

You visited 1 branch of the dungeon, and saw 1 of its levels.

Inventory:

Missiles
 d - 5 tomahawks of dispersal (quivered)
Armour
 a - a +0 leather armour (worn)
Scrolls
 c - a scroll of blinking
Comestibles
 f - a ration


   Skills:
 - Level 2.1 Fighting
 - Level 0.8 Throwing
 - Level 0.8 Armour
 - Level 1.7 Dodging
 + Level 2.2 Unarmed Combat
 + Level 1.8 Spellcasting
   Level 2.6 Translocations


You had 3 spell levels left.
You didn't know any spells.
Your spell library contained the following spells:

 Spells                   Type           Power        Failure   Level  Hunger
 Blink                    Tloc           N/A          22%         2    ###....
 Shroud of Golubria       Chrm/Tloc      #.........   36%         2    ###....
 Gell's Gravitas          Tloc           #.........   41%         3    ####...
 Lesser Beckoning         Tloc           #.........   41%         3    ####...
 Teleport Other           Tloc           #.......     41%         3    ####...
 Passage of Golubria      Tloc           N/A          83%         4    #####..


Dungeon Overview and Level Annotations

Branches:
Dungeon (1/15)

Altars:


Innate Abilities, Weirdness & Mutations

Your body is rotting away.
You thrive on raw meat.
You are immune to poison.
You have sharp fingernails.
You are carnivorous and can eat meat at any time.
Your flesh is cold resistant. (rC+)
You are immune to negative energy. (rN+++)
You do not regenerate when monsters are visible.
You are immune to unholy pain and torment.
You can survive without breathing.


Message History

You are too injured to fight recklessly!
You are too injured to fight recklessly!
You are too injured to fight recklessly!
You are too injured to fight recklessly!
You are too injured to fight recklessly!
You are too injured to fight recklessly!
There are monsters nearby!
The goblin barely misses you. The hobgoblin hits you.
* * * LOW HITPOINT WARNING * * *
The goblin closely misses you.
You are too injured to fight recklessly!
You scratch the goblin.
The goblin is heavily wounded.
The goblin hits you but does no damage.
You barely miss the goblin.
The goblin is heavily wounded.
You scratch the hobgoblin.
The hobgoblin is heavily wounded.
The goblin hits you.
You die...

...........##
#...........##
##...........##
##............##
##.............#
##.>#..........#
##.##..........# ##.
#..........### #
##.....(..Kg@# #
......)...##g...# #
##.........###.....#
# ...........#
#....# #..........#
....# #....%.....#
...# ...........#
..# ............ .#.


You could see a hobgoblin, a goblin and a kobold.

Vanquished Creatures
  A goblin (D:1)
1 creature vanquished.

Notes
Turn   | Place    | Note
-------+----------+-------------------------------------------
     0 | D:1      | Dordric the Ghoul Warper began the quest for the Orb.
     0 | D:1      | Reached XP level 1. HP: 17/17 MP: 2/2
    60 | D:1      | Slain by a goblin

Levels and vault maps discovered:
D:1:      saegor_arrival_miasma, layout_rooms

Action                   || total
-------------------------++-------
Melee: Unarmed           ||    13
Armor: Leather armour    ||     2
Dodge: Dodged            ||    12

Table legend:
 A = Non-vault XP
 B = Vault XP
 C = Vault XP percentage of total XP
 D = Non-vault monster count
 E = Vault monster count
 F = Vault count percentage of total count
                 A         B        C        D         E       F
            +---------+---------+-------+---------+---------+-------
      Total |       2 |       0 |   0.0 |       1 |       0 |   0.0
            +---------+---------+-------+---------+---------+-------
        D:1 |       2 |       0 |   0.0 |       1 |       0 |   0.0
            +---------+---------+-------+---------+---------+-------
